AoeStats
← 五花馬肉乾妹妹

Black Forest

508235952Analyzed
4v4 RM · 9d ago on Sep 21, 2026· 37m 19s· 8 players
Game mode
Random Map
Map size
Large (8 player)
Population
200
Speed
Normal
Resources
Standard
Victory
Conquest
Starting age
Dark Age
Ending age
Imperial Age
RankedLock teamsTeams togetherTeam positionsShared explorationLock speedFull tech treeHidden civsTurbo modeCheats
Victory
Defeat
🇹🇼 Bohemians · Taiwan
1406
+14
🇹🇼 Mongols · Taiwan
1403
+14
🇹🇼 Lithuanians · Taiwan
1381
+15
🇭🇰 Poles · Hong Kong SAR China
1373
+15
🇩🇪 Celts · Germany
1394
-16
🇨🇱 Italians · Chile
1344
-14
🇹🇷 Mongols · Türkiye
1338
-14
🇫🇷 Franks · France
1336
-14
Szorinx
0:32 Loom
13:13 Feudal Age
16:22 Double-Bit Axe
16:19 Horse Collar
19:19 Castle Age
30:39 Wheelbarrow
33:11 Hand Cart
33:07 Bow Saw
33:08 Heavy Plow
34:04 Fletching
34:15 Padded Archer Armor
34:13 Elite Skirmisher
35:23 Ballistics
35:10 Padded Archer Armor
35:29 Bodkin Arrow
36:37 Leather Archer Armor
36:55 Town Watch
Nghtly
14:05 Feudal Age
16:15 Loom
19:08 Castle Age
17:21 Double-Bit Axe
17:17 Horse Collar
27:05 Wheelbarrow
29:07 Bow Saw
28:59 Heavy Plow
28:55 Gold Mining
28:55 Stone Mining
29:28 Hand Cart
28:58 Town Watch
32:35 Imperial Age
31:29 Gold Shaft Mining
31:29 Stone Shaft Mining
31:59 Thumb Ring
32:09 Bloodlines
31:59 Husbandry
32:07 Caravan
32:16 Fletching
32:26 Padded Archer Armor
32:59 Ballistics
32:37 Elite Mangudai
33:14 Bodkin Arrow
33:34 Leather Archer Armor
34:24 Chemistry
33:30 Siege Engineers
33:55 Bracer
34:21 Conscription
34:37 Parthian Tactics
33:37 Capped Ram
34:25 Town Patrol
35:12 Scale Barding Armor
34:31 Siege Ram
34:53 Light Cavalry
The Good Guy
11:00 Feudal Age
14:58 Castle Age
13:55 Double-Bit Axe
16:14 Bow Saw
16:09 Fishing Lines
19:07 Husbandry
20:18 Gillnets
20:48 Forging
20:59 Loom
22:13 Gold Mining
26:23 Gold Shaft Mining
28:57 Imperial Age
27:42 Scale Barding Armor
28:57 Wheelbarrow
29:12 Iron Casting
28:26 Town Watch
29:06 Cavalier
30:43 Chain Barding Armor
31:42 Stone Mining
33:08 Blast Furnace
32:56 Paladin
34:51 Plate Barding Armor
34:54 Conscription
Diegote
3:03 Loom
15:13 Feudal Age
19:17 Castle Age
18:02 Stone Mining
18:01 Double-Bit Axe
19:22 Gold Mining
29:35 Imperial Age
27:53 Fletching
30:15 Bow Saw
35:02 Conscription
34:41 Bodkin Arrow
lok914
0:28 Loom
17:32 Feudal Age
21:48 Castle Age
20:10 Horse Collar
20:35 Double-Bit Axe
21:22 Stone Mining
22:38 Fletching
24:40 Bodkin Arrow
34:16 Gold Mining
五花馬肉乾妹妹
11:23 Feudal Age
12:06 Double-Bit Axe
12:06 Horse Collar
14:56 Castle Age
15:51 Bow Saw
17:59 Wheelbarrow
23:44 Stone Mining
24:37 Gold Mining
25:47 Loom
28:46 Imperial Age
27:12 Ballistics
26:44 Fletching
27:37 Stone Shaft Mining
27:40 Gold Shaft Mining
27:48 Hand Cart
28:06 Bodkin Arrow
28:12 Padded Archer Armor
30:35 Conscription
29:53 Elite Mangudai
30:48 Bracer
32:21 Chemistry
31:39 Leather Archer Armor
31:30 Scale Barding Armor
31:35 Forging
32:25 Caravan
33:07 Husbandry
33:18 Bloodlines
34:11 Parthian Tactics
33:24 Light Cavalry
34:27 Chain Barding Armor
34:43 Iron Casting
34:17 Hussar
37:56 Blast Furnace
TwBestShaco
10:34 Feudal Age
11:25 Double-Bit Axe
14:23 Castle Age
13:02 Horse Collar
15:18 Bow Saw
15:32 Heavy Plow
18:04 Loom
20:37 Gold Mining
22:30 Wheelbarrow
24:25 Hand Cart
25:45 Scale Barding Armor
25:50 Forging
28:52 Imperial Age
27:49 Chain Barding Armor
28:04 Iron Casting
27:56 Bloodlines
27:47 Husbandry
28:00 Stone Mining
29:10 Cavalier
30:54 Two-Man Saw
30:30 Plate Barding Armor
30:29 Crop Rotation
31:30 Chemistry
30:36 Paladin
33:16 Stone Shaft Mining
33:49 Light Cavalry
天線小號
0:39 Loom
12:30 Feudal Age
13:09 Double-Bit Axe
14:37 Town Watch
20:13 Castle Age
18:36 Fletching
19:26 Horse Collar
30:41 Imperial Age
29:06 Fletching
35:54 Chemistry
35:02 Fishing Lines
35:55 Gillnets
Connection lost

Rejoining the realm…

Still unreachable

The connection could not be restored.

Session expired

The server has moved on; the page needs a fresh start.